TOP OF THE 1ST |
Scranton Supernovas batting - Pitching for Alaskan Humpbacks : RHP Jim Unknown
|
Pitching: RHP Jim Unknown
|
|
Batting: RHB Keith MacKey
|
0-0: Ground out 5-3 (Groundball, 56S)
|
Batting: RHB Josh Stafford
|
0-0: Ball 1-0: Called Strike 1-1: Ball 2-1: Called Strike 2-2: Foul Ball, location: 2F 2-2: Foul Ball, location: 2F 2-2: Ball 3-2: Strikes out swinging
|
Batting: RHB Jesús Rodríguez
|
0-0: Called Strike 0-1: Called Strike 0-2: Ball 1-2: Strikes out looking
|
Top of the 1st over - 0 run(s), 0 hit(s), 0 error(s), 0 left on base; Scranton 0 - Alaskan 0 |
BOTTOM OF THE 1ST |
Alaskan Humpbacks batting - Pitching for Scranton Supernovas : RHP Bob Meyer
|
Pitching: RHP Bob Meyer
|
|
Batting: RHB Dave O'Day
|
0-0: Ball 1-0: Foul Ball, location: 2F 1-1: Ball 2-1: Foul Ball, location: 2F 2-2: Ball 3-2: Base on Balls
|
Batting: RHB Thomas Vaughan
|
0-0: Ball 1-0: Ball 2-0: Ball 3-0: Called Strike 3-1: Base on Balls Dave O'Day to second
|
Batting: SHB Al Anderson
|
0-0: Ball 1-0: Fielders Choice at 2nd, 3-6 (Groundball, 3) Dave O'Day to third
|
Batting: RHB Juan Tapia
|
0-0: Ball 1-0: Fly out, F4 (Popup, 4D)
|
Batting: RHB Joe Craig
|
0-0: Called Strike 0-1: Swinging Strike 0-2: Ball 1-2: Foul Ball, location: 2F 1-2: Fly out, F2 (Popup, 2LF)
|
Bottom of the 1st over - 0 run(s), 0 hit(s), 0 error(s), 2 left on base; Scranton 0 - Alaskan 0 |
TOP OF THE 2ND |
Scranton Supernovas batting - Pitching for Alaskan Humpbacks : RHP Jim Unknown
|
Batting: LHB Héctor Torres
|
0-0: Ball 1-0: Ground out 4-3 (Groundball, 4)
|
Batting: RHB Patrizio Vanali
|
0-0: Called Strike 0-1: Ball 1-1: Fly out, F6 (Line Drive, 6M)
|
Batting: RHB Brad Jacobson
|
0-0: Called Strike 0-1: Foul Ball, location: 2F 0-2: Ball 1-2: Ball 2-2: Fly out, F8 (Flyball, 8RD)
|
Top of the 2nd over - 0 run(s), 0 hit(s), 0 error(s), 0 left on base; Scranton 0 - Alaskan 0 |
BOTTOM OF THE 2ND |
Alaskan Humpbacks batting - Pitching for Scranton Supernovas : RHP Bob Meyer
|
Batting: RHB Juan García
|
0-0: Ball 1-0: Ground out 5-3 (Groundball, 5)
|
Batting: RHB Jared Smith
|
0-0: Foul Ball, location: 2F 0-1: SOLO HOME RUN (Flyball, 8LXD), Distance : 442 ft
|
Batting: RHB Iván Hernández
|
0-0: Foul Ball, location: 2F 0-1: Ball 1-1: Called Strike 1-2: Ball 2-2: Foul Ball, location: 2F 2-2: Ball 3-2: Foul Ball, location: 2F 3-2: Strikes out swinging
|
Batting: SHB Josef Koper
|
0-0: Called Strike 0-1: Ball 1-1: Called Strike 1-2: Strikes out swinging
|
Bottom of the 2nd over - 1 run(s), 1 hit(s), 0 error(s), 0 left on base; Scranton 0 - Alaskan 1 |
TOP OF THE 3RD |
Scranton Supernovas batting - Pitching for Alaskan Humpbacks : RHP Jim Unknown
|
Batting: RHB Ethan Stanford
|
0-0: Ball 1-0: Called Strike 1-1: SINGLE (Groundball, 34D)
|
Batting: RHB Stephen Blair
|
0-0: Called Strike 0-1: Foul Ball, location: 2F 0-2: Fly out, F8 (Flyball, 8LM)
|
Batting: RHB Jerome Wilson
|
0-0: Ball Pickoff Throw by Catcher to First - Out! 1-0: Foul Ball, location: 2F 1-1: Ball 2-1: Ball 3-1: Called Strike 3-2: Ground out 5-3 (Groundball, 56)
|
Top of the 3rd over - 0 run(s), 1 hit(s), 0 error(s), 0 left on base; Scranton 0 - Alaskan 1 |
BOTTOM OF THE 3RD |
Alaskan Humpbacks batting - Pitching for Scranton Supernovas : RHP Bob Meyer
|
Batting: RHB Dave O'Day
|
0-0: Ball 1-0: Foul Ball, location: 2F 1-1: Ball 2-1: Ground out 5-3 (Groundball, 56S)
|
Batting: RHB Thomas Vaughan
|
0-0: Ball 1-0: Foul Ball, location: 2F 1-1: Foul Ball, location: 2F 1-2: Ball 2-2: Ball 3-2: Foul Ball, location: 2F 3-2: Fly out, F3 (Line Drive, 34)
|
Batting: SHB Al Anderson
|
0-0: Ball 1-0: Reached on error, E3 (Groundball, 3S)
|
Batting: RHB Juan Tapia
|
0-0: Ground out 5-3 (Groundball, 5S)
|
Bottom of the 3rd over - 0 run(s), 0 hit(s), 1 error(s), 1 left on base; Scranton 0 - Alaskan 1 |
TOP OF THE 4TH |
Scranton Supernovas batting - Pitching for Alaskan Humpbacks : RHP Jim Unknown
|
Batting: RHB Keith MacKey
|
0-0: Swinging Strike 0-1: Ball 1-1: Ball 2-1: Foul Ball, location: 2F 2-2: Strikes out swinging
|
Batting: RHB Josh Stafford
|
0-0: Fly out, F7 (Line Drive, 7M)
|
Batting: RHB Jesús Rodríguez
|
0-0: Called Strike 0-1: Ball 1-1: Ball 2-1: Foul Ball, location: 2F 2-2: Foul Ball, location: 2F 2-2: Ball 3-2: SINGLE (Line Drive, 6MD)
|
Batting: LHB Héctor Torres
|
0-0: Ball 1-0: Ball 2-0: Called Strike 2-1: SINGLE (Line Drive, 4D) Jesús Rodríguez to second
|
Batting: RHB Patrizio Vanali
|
0-0: Foul Ball, location: 2F 0-1: Ball 1-1: Swinging Strike 1-2: Ball 2-2: Strikes out swinging
|
Top of the 4th over - 0 run(s), 2 hit(s), 0 error(s), 2 left on base; Scranton 0 - Alaskan 1 |
BOTTOM OF THE 4TH |
Alaskan Humpbacks batting - Pitching for Scranton Supernovas : RHP Bob Meyer
|
Batting: RHB Joe Craig
|
0-0: Foul Ball, location: 2F 0-1: Called Strike 0-2: Ball 1-2: Foul Ball, location: 2F 1-2: Ball 2-2: Ball 3-2: Foul Ball, location: 2F 3-2: Base on Balls
|
Batting: RHB Juan García
|
0-0: Ball 1-0: 2-RUN HOME RUN (Line Drive, 7D), Distance : 391 ft
|
Batting: RHB Jared Smith
|
0-0: Ball 1-0: Foul Ball, location: 2F 1-1: Called Strike 1-2: SINGLE (Groundball, 56D)
|
Batting: RHB Iván Hernández
|
0-0: Fly out, F8 (Flyball, 8RM)
|
Batting: SHB Josef Koper
|
0-0: Called Strike 0-1: Fly out, F5 (Popup, 5SF)
|
Batting: RHB Dave O'Day
|
0-0: Ball 1-0: Ball 2-0: Foul Ball, location: 2F 2-1: SINGLE (Groundball, 6MD) Jared Smith to second
|
Batting: RHB Thomas Vaughan
|
0-0: Ball 1-0: Called Strike 1-1: Reached on error, E6 (Groundball, 6) Jared Smith to third Dave O'Day to second
|
Batting: SHB Al Anderson
|
0-0: Swinging Strike 0-1: SINGLE (Groundball, 6M) Jared Smith scores Dave O'Day to third Thomas Vaughan to second Runner from 3rd tries for Home, SAFE, no throw or cutoff
|
Batting: RHB Juan Tapia
|
0-0: Ball 1-0: Ball 2-0: Called Strike 2-1: Ball 3-1: Swinging Strike 3-2: Base on Balls Thomas Vaughan to third Al Anderson to second
|
Batting: RHB Joe Craig
|
0-0: Ball 1-0: Ball 2-0: Called Strike 2-1: Swinging Strike 2-2: Fielders Choice at 2nd, 5-4 (Groundball, 56)
|
Bottom of the 4th over - 4 run(s), 4 hit(s), 1 error(s), 2 left on base; Scranton 0 - Alaskan 5 |
TOP OF THE 5TH |
Scranton Supernovas batting - Pitching for Alaskan Humpbacks : RHP Jim Unknown
|
Batting: RHB Brad Jacobson
|
0-0: Ball 1-0: Swinging Strike 1-1: Foul Ball, location: 2F 1-2: Ball 2-2: Strikes out looking
|
Batting: RHB Ethan Stanford
|
0-0: Swinging Strike 0-1: Ball 1-1: Ball 2-1: Called Strike 2-2: Ball 3-2: Ground out U3 (Groundball, 3S)
|
Batting: RHB Stephen Blair
|
0-0: Ball 1-0: Swinging Strike 1-1: Ball 2-1: Called Strike 2-2: Foul Ball, location: 2F 2-2: Strikes out swinging
|
Top of the 5th over - 0 run(s), 0 hit(s), 0 error(s), 0 left on base; Scranton 0 - Alaskan 5 |
BOTTOM OF THE 5TH |
Alaskan Humpbacks batting - Pitching for Scranton Supernovas : RHP Bob Meyer
|
Batting: RHB Juan García
|
0-0: Ball 1-0: Swinging Strike 1-1: Called Strike 1-2: Ball 2-2: Foul Ball, location: 2F 2-2: Foul Ball, location: 2F 2-2: Ball 3-2: Foul Ball, location: 2F 3-2: Strikes out swinging
|
Batting: RHB Jared Smith
|
0-0: Swinging Strike 0-1: Ball 1-1: Ball 2-1: Foul Ball, location: 2F 2-2: Fly out, F9 (Flyball, 9LMF)
|
Batting: RHB Iván Hernández
|
0-0: Fly out, F9 (Flyball, 9M)
|
Bottom of the 5th over - 0 run(s), 0 hit(s), 0 error(s), 0 left on base; Scranton 0 - Alaskan 5 |
TOP OF THE 6TH |
Scranton Supernovas batting - Pitching for Alaskan Humpbacks : RHP Jim Unknown
|
Batting: RHB Jerome Wilson
|
0-0: Ball 1-0: Called Strike 1-1: Ball 2-1: Foul Ball, location: 2F 2-2: Strikes out looking
|
Batting: RHB Keith MacKey
|
0-0: Called Strike 0-1: Ball 1-1: Ball 2-1: Ball 3-1: Fly out, F6 (Line Drive, 6)
|
Batting: RHB Josh Stafford
|
0-0: Called Strike 0-1: Called Strike 0-2: Fly out, F9 (Line Drive, 9M)
|
Top of the 6th over - 0 run(s), 0 hit(s), 0 error(s), 0 left on base; Scranton 0 - Alaskan 5 |
BOTTOM OF THE 6TH |
Alaskan Humpbacks batting - Pitching for Scranton Supernovas : RHP Bob Meyer
|
Batting: SHB Josef Koper
|
0-0: Called Strike 0-1: Fly out, F9 (Flyball, 89D)
|
Batting: RHB Dave O'Day
|
0-0: Ball 1-0: Ball 2-0: Ball 3-0: Called Strike 3-1: Foul Ball, location: 2F 3-2: Foul Ball, location: 2F 3-2: Ground out 6-3 (Groundball, 6)
|
Batting: RHB Thomas Vaughan
|
0-0: Called Strike 0-1: Ground out 6-3 (Groundball, 6M)
|
Bottom of the 6th over - 0 run(s), 0 hit(s), 0 error(s), 0 left on base; Scranton 0 - Alaskan 5 |
TOP OF THE 7TH |
Scranton Supernovas batting - Pitching for Alaskan Humpbacks : RHP Jim Unknown
|
Batting: RHB Jesús Rodríguez
|
0-0: Foul Ball, location: 2F 0-1: Ball 1-1: Foul Ball, location: 2F 1-2: Foul Ball, location: 2F 1-2: Ball 2-2: SINGLE (Groundball, 4MD)
|
Batting: LHB Héctor Torres
|
0-0: Ball 1-0: Foul Ball, location: 2F 1-1: Ball 2-1: Ball 3-1: Fly out, F9 (Flyball, 9D)
|
Batting: RHB Patrizio Vanali
|
0-0: Ball 1-0: Swinging Strike 1-1: Fly out, F4 (Popup, 4)
|
Batting: RHB Brad Jacobson
|
0-0: Called Strike 0-1: Ball 1-1: Foul Ball, location: 2F 1-2: Ball 2-2: Strikes out swinging
|
Top of the 7th over - 0 run(s), 1 hit(s), 0 error(s), 1 left on base; Scranton 0 - Alaskan 5 |
BOTTOM OF THE 7TH |
Alaskan Humpbacks batting - Pitching for Scranton Supernovas : RHP Bob Meyer
|
Batting: SHB Al Anderson
|
0-0: Ball 1-0: Called Strike 1-1: Ball 2-1: Ball 3-1: Base on Balls
|
Pitching: LHP Raúl Melro
|
|
Batting: RHB Juan Tapia
|
0-0: Called Strike 0-1: Ball 1-1: Swinging Strike 1-2: Ball 2-2: Strikes out swinging
|
Batting: RHB Joe Craig
|
0-0: Called Strike 0-1: Swinging Strike 0-2: Ball 1-2: Strikes out swinging
|
Batting: RHB Juan García
|
0-0: Called Strike 0-1: Fly out, F8 (Flyball, 8LXD)
|
Bottom of the 7th over - 0 run(s), 0 hit(s), 0 error(s), 1 left on base; Scranton 0 - Alaskan 5 |
TOP OF THE 8TH |
Scranton Supernovas batting - Pitching for Alaskan Humpbacks : RHP Jim Unknown
|
Now at 1B: Fernando Camacho
|
|
Batting: RHB Ethan Stanford
|
0-0: Ground out 6-3 (Groundball, 6)
|
Batting: RHB Stephen Blair
|
0-0: Foul Ball, location: 2F 0-1: Ball 1-1: Ball 2-1: Swinging Strike 2-2: Strikes out swinging
|
Batting: RHB Jerome Wilson
|
0-0: Ground out 5-3 (Groundball, 56)
|
Top of the 8th over - 0 run(s), 0 hit(s), 0 error(s), 0 left on base; Scranton 0 - Alaskan 5 |
BOTTOM OF THE 8TH |
Alaskan Humpbacks batting - Pitching for Scranton Supernovas : LHP Raúl Melro
|
Batting: RHB Jared Smith
|
0-0: Ball 1-0: Called Strike 1-1: Ball 2-1: Ball 3-1: Swinging Strike 3-2: Strikes out swinging
|
Batting: RHB Iván Hernández
|
0-0: Called Strike 0-1: Ball 1-1: Swinging Strike 1-2: Ground out 5-3 (Groundball, 5)
|
Batting: SHB Josef Koper
|
0-0: Fly out, F9 (Line Drive, 9M)
|
Bottom of the 8th over - 0 run(s), 0 hit(s), 0 error(s), 0 left on base; Scranton 0 - Alaskan 5 |
TOP OF THE 9TH |
Scranton Supernovas batting - Pitching for Alaskan Humpbacks : RHP Jim Unknown
|
Pitching: RHP Jim Unknown
|
|
Now in CF: Paco Hernández
|
|
Batting: RHB Keith MacKey
|
0-0: Ball 1-0: Swinging Strike 1-1: Called Strike 1-2: Strikes out swinging
|
Batting: RHB Josh Stafford
|
0-0: Fly out, F7 (Flyball, 7D)
|
Batting: RHB Jesús Rodríguez
|
0-0: Ball 1-0: Ball 2-0: Ball 3-0: Base on Balls
|
Batting: LHB Héctor Torres
|
0-0: Ground out 4-3 (Groundball, 4)
|
Top of the 9th over - 0 run(s), 0 hit(s), 0 error(s), 1 left on base; Scranton 0 - Alaskan 5 |
|